Map: Green Acres

Players

neulaender

  • Race: Zerg Zerg
  • Spawn Location: 3:00

Baumdoktor

  • Race: Protoss Protoss
  • Spawn Location: 12:00

BennTenn

  • Race: Terran Terran
  • Spawn Location: 1:00

A.I. 3 (Elite)

  • Race: Protoss Protoss
  • Spawn Location: 6:00

A.I. 4 (Very Hard)

  • Race: Protoss Protoss
  • Spawn Location: 7:00

A.I. 5 (Elite)

  • Race: Terran Terran
  • Spawn Location: 9:00

VOD

Have the link to the VOD?

Description

Time

  • Played on: Oct. 10, 2016, 1:22 p.m.
  • Length: 5:09
Show
View Real Time Build Order
Export as new Build Order

neulaender Zerg 

Build Orders: Pool First 

Get SALT Encoding   

  12  0:07  Overlord  
  12  0:12  Drone  
  13  0:17  Drone  
  14  0:26  Drone  
  15  0:30  Drone  
  16  0:40  Drone  
  17  0:45  Extractor  
  16  0:52  Drone  
  16  0:57  Spawning Pool  
  16  1:02  Drone  
  17  1:06  Evolution Chamber  
  16  1:13  Drone  
  17  1:24  Drone  
  18  1:38  Drone  
  19  1:42  Hatchery  
  19  1:44  Queen  
  20  1:50  Overlord  
  20  2:09  Overlord  
  20  2:13  Zergling x2  
  21  2:18  Zergling x2  
  22  2:27  Zerg Melee Weapons Level 1  
  22  2:28  Zergling x2  
  23  2:40  Zergling x2  
  24  2:54  Overlord  
  24  2:55  Drone x4  
  28  3:07  Drone  
  28  3:12  Zergling x2  
  30  3:13  Queen  
  30  3:16  Metabolic Boost  
  32  3:23  Zergling x2  
  32  3:24  Zergling x4  
  34  3:40  Roach Warren  
  33  3:44  Drone x3  
  33  3:45  Extractor  
  33  3:46  Drone x2  
  37  3:50  Spine Crawler  
  37  3:53  Spine Crawler  
  35  3:56  Drone x2  
  28  4:16  Spine Crawler  
  27  4:17  Spine Crawler x2  
  25  4:32  Zergling x2  
Show
View Real Time Build Order
Export as new Build Order

Baumdoktor Protoss 

Build Orders: 1 Gate Expand 

Get SALT Encoding   

  12  0:02  Probe (Chrono Boost)  
  13  0:13  Probe (Chrono Boost)  
  14  0:20  Pylon  
  14  0:24  Probe (Chrono Boost)  
  15  0:38  Probe (Chrono Boost)  
  15  0:39  Gateway  
  16  0:49  Probe (Chrono Boost)  
  17  1:10  Nexus  
  17  1:14  Probe (Chrono Boost)  
  18  1:26  Pylon  
  18  1:30  Cybernetics Core  
  18  1:34  Assimilator  
  18  1:39  Assimilator  
  18  1:41  Probe (Chrono Boost)  
  19  1:50  Zealot  
  19  1:52  Probe (Chrono Boost)  
  22  2:02  Probe (Chrono Boost)  
  23  2:11  Warp Gate  
  23  2:13  Probe (Chrono Boost)  
  24  2:19  Gateway  
  24  2:23  Gateway  
  24  2:24  Probe (Chrono Boost)  
  25  2:41  Twilight Council  
  25  2:42  Probe (Chrono Boost)  
  27  2:44  Probe (Chrono Boost)  
  27  2:55  Probe (Chrono Boost)  
  28  3:02  Pylon  
  28  3:05  Probe (Chrono Boost)  
  29  3:16  Probe (Chrono Boost)  
  30  3:26  Charge  
  30  3:27  Mothership Core (Chrono Boost)  
  32  3:36  Pylon  
  32  3:39  Pylon  
  32  3:45  Probe (Chrono Boost)  
  34  3:48  Probe (Chrono Boost)  
  35  3:55  Probe (Chrono Boost)  
  35  3:57  Gateway  
  35  4:00  Gateway, Probe (Chrono Boost)  
  36  4:06  Probe (Chrono Boost)  
  37  4:12  Probe (Chrono Boost)  
  39  4:25  Probe (Chrono Boost)  
  39  4:29  Zealot  
  37  4:37  Probe (Chrono Boost)  
  38  4:43  Stalker  
  38  4:45  Stalker  
  35  4:48  Stalker  
  31  4:56  Gateway  
  31  4:58  Gateway  
  29  5:01  Gateway  
  29  5:05  Gateway  
  29  5:09  Stalker x2  
Show
View Real Time Build Order
Export as new Build Order

BennTenn Terran 

Build Orders:  

Get SALT Encoding   

  12  0:03  SCV  
  13  0:15  SCV  
  14  0:26  Supply Depot  
  14  0:27  SCV  
  15  0:39  Supply Depot  
  15  0:48  SCV  
  16  0:56  Barracks  
  16  1:00  SCV  
  17  1:09  Barracks  
  17  1:12  SCV  
  18  1:18  Refinery  
  18  1:25  SCV  
  19  1:39  SCV  
  20  1:40  Engineering Bay  
  20  1:49  Supply Depot  
  20  1:58  Marine x2  
  20  2:00  Refinery  
  22  2:16  Marine x2  
  24  2:34  Marine x2  
  26  2:43  SCV  
  27  2:52  Marine x2  
  27  2:55  SCV  
  30  3:01  Barracks  
  30  3:09  Marine  
  30  3:10  Marine  
  30  3:11  Orbital Command  
  32  3:27  Marine x2  
  34  3:45  Marine x2  
  36  3:53  Command Center  
  36  3:56  Barracks Reactor  
  36  4:03  Marine x2  
  25  4:21  Marine  
Show
View Real Time Build Order
Export as new Build Order

A.I. 3 (Elite) Protoss 

Build Orders:  

Get SALT Encoding   

  12  0:01  Probe (Chrono Boost)  
  13  0:12  Probe (Chrono Boost)  
  14  0:21  Pylon  
  14  0:22  Probe (Chrono Boost)  
  15  0:39  Probe (Chrono Boost)  
  16  0:47  Assimilator  
  17  0:50  Probe (Chrono Boost)  
  17  0:51  Gateway  
  17  1:00  Probe (Chrono Boost), Pylon  
  18  1:11  Probe (Chrono Boost)  
  19  1:21  Probe (Chrono Boost)  
  20  1:32  Probe (Chrono Boost)  
  21  1:38  Zealot  
  21  1:39  Gateway  
  21  1:42  Cybernetics Core  
  21  1:43  Probe (Chrono Boost)  
  24  1:52  Pylon  
  25  1:55  Probe (Chrono Boost)  
  25  2:04  Zealot  
  25  2:06  Assimilator  
  27  2:12  Probe (Chrono Boost)  
  27  2:13  Warp Gate  
  29  2:23  Probe (Chrono Boost)  
  29  2:25  Adept  
  31  2:30  Adept  
  33  2:40  Robotics Facility  
  33  2:43  Probe (Chrono Boost)  
  34  2:51  Adept  
  34  2:56  Adept  
  38  3:02  Pylon  
  38  3:03  Probe (Chrono Boost)  
  39  3:19  Adept  
  39  3:22  Sentry  
  43  3:28  Immortal  
  47  3:35  Pylon  
  47  3:52  Stalker  
  47  3:53  Stalker  
  51  3:57  Pylon  
  51  4:06  Immortal  
  55  4:20  Probe (Chrono Boost)  
  56  4:24  Pylon  
  56  4:28  Twilight Council  
  56  5:08  Templar Archives  
Show
View Real Time Build Order
Export as new Build Order

A.I. 4 (Very Hard) Protoss 

Build Orders:  

Get SALT Encoding   

  12  0:01  Probe (Chrono Boost)  
  13  0:12  Probe (Chrono Boost)  
  14  0:20  Pylon  
  14  0:22  Probe (Chrono Boost)  
  15  0:39  Probe (Chrono Boost)  
  16  0:47  Assimilator  
  16  0:49  Probe (Chrono Boost)  
  17  0:53  Gateway  
  17  1:00  Probe (Chrono Boost)  
  17  1:02  Pylon  
  18  1:10  Probe (Chrono Boost)  
  19  1:21  Probe (Chrono Boost)  
  20  1:31  Probe (Chrono Boost)  
  21  1:39  Zealot  
  21  1:41  Gateway  
  21  1:43  Cybernetics Core, Probe (Chrono Boost)  
  25  1:54  Probe (Chrono Boost), Pylon  
  25  2:04  Zealot  
  25  2:06  Probe (Chrono Boost)  
  28  2:17  Probe (Chrono Boost)  
  28  2:18  Warp Gate  
  29  2:27  Adept  
  29  2:29  Adept  
  31  2:37  Gateway  
  33  2:46  Gateway  
  33  2:52  Adept  
  33  2:55  Adept  
  37  3:01  Pylon  
  37  3:02  Probe (Chrono Boost)  
  38  3:19  Adept  
  40  3:21  Adept  
  40  3:22  Adept  
  44  3:32  Adept  
  46  3:34  Pylon  
  46  3:40  Twilight Council  
  46  4:07  Pylon  
  46  4:34  Assimilator  
  46  4:40  Templar Archives  
  46  4:41  Zealot  
  48  4:51  Nexus  
Show
View Real Time Build Order
Export as new Build Order

A.I. 5 (Elite) Terran 

Build Orders: MMM Bio 

Get SALT Encoding   

  12  0:01  SCV  
  13  0:13  SCV  
  14  0:19  Supply Depot  
  14  0:25  SCV  
  15  0:41  SCV  
  16  0:42  Barracks  
  16  0:45  Refinery  
  16  0:53  SCV  
  17  1:03  Barracks  
  17  1:05  SCV  
  18  1:17  SCV  
  19  1:29  Orbital Command, Marine  
  20  1:40  Barracks  
  20  1:47  Marine  
  20  1:50  Marine  
  22  1:57  Supply Depot  
  22  1:59  SCV  
  23  2:06  Barracks Tech Lab  
  23  2:08  Barracks Tech Lab  
  23  2:18  SCV  
  24  2:24  Marine  
  24  2:25  Stimpack  
  24  2:26  Concussive Shells, Marine  
  24  2:27  Marine  
  27  2:34  Supply Depot  
  27  2:42  Marine  
  27  2:43  SCV  
  27  2:44  Marine  
  29  2:45  Marine  
  31  3:00  Marauder  
  31  3:02  Marauder  
  31  3:03  Marine  
  31  3:04  Supply Depot  
  36  3:19  SCV  
  37  3:20  Marine  
  37  3:21  Marine  
  37  3:23  Combat Shields  
  37  3:25  Supply Depot  
  37  3:26  Marine  
  40  3:39  Marine  
  41  3:44  Marauder  
  41  3:46  Refinery  
  43  3:55  SCV  
  43  4:07  SCV  
  43  4:14  Factory  
  43  4:19  SCV  
  42  4:32  SCV  
  42  4:33  Supply Depot, Marine  
  43  4:40  Marauder  
  43  4:44  Marine, SCV  
  47  4:49  Engineering Bay  
  49  4:55  Command Center  
  51  5:08  Starport  
Tags
 
Add a new tag
Caveats
  • Supply blocks, unpowered buildings, or Contaminate may cause inaccurate times.
  • Supply counts are checked every 10 seconds.